AoeStats
← Degel

Arabia

510232051Analyzed
4v4 RM · 3d ago on Sep 30, 2026· 47m 24s· 8 players
Game mode
Random Map
Map size
Large (8 player)
Population
200
Speed
Normal
Resources
Standard
Victory
Conquest
Starting age
Dark Age
Ending age
Imperial Age
RankedLock teamsTeams togetherTeam positionsShared explorationLock speedFull tech treeHidden civsTurbo modeCheats
Victory
Defeat
🇲🇽 Muisca · Mexico
1566
+6
🇲🇽 Varangians · Mexico
1344
+13
🇺🇸 Persians · United States
1272
+16
🇲🇽 Teutons · Mexico
1230
+18
🇦🇺 Saracens · Australia
1317
-14
🇲🇽 Celts · Mexico
1310
-14
🇦🇷 Varangians · Argentina
1309
-14
🇲🇽 Persians · Mexico
1227
-11
SpawnShark
10:10 Feudal Age
8:57 Loom
10:39 Double-Bit Axe
14:11 Fletching
22:26 Castle Age
21:40 Gold Mining
22:35 Crossbowman
23:17 Bodkin Arrow
23:23 Padded Archer Armor
26:38 Leather Archer Armor
28:41 Bow Saw
28:39 Horse Collar
44:46 Imperial Age
45:01 Ballistics
45:35 Arbalester
46:21 Thumb Ring
47:20 Chemistry
CARAVEO
1:31 Loom
10:11 Feudal Age
20:43 Castle Age
19:21 Scale Barding Armor
19:01 Horse Collar
19:38 Double-Bit Axe
20:14 Forging
21:08 Bloodlines
26:47 Wheelbarrow
27:03 Iron Casting
29:46 Heavy Plow
30:21 Chain Barding Armor
31:00 Hand Cart
34:43 Husbandry
34:40 Town Watch
38:17 Imperial Age
38:16 Cavalier
40:06 Plate Barding Armor
39:49 Savar
Lord Elendil
4:49 Loom
10:15 Feudal Age
15:53 Fletching
17:46 Double-Bit Axe
20:00 Wheelbarrow
23:09 Castle Age
24:26 Gold Mining
25:58 Forging
29:16 Imperial Age
27:00 Scale Mail Armor
29:12 Chain Mail Armor
31:29 Iron Casting
31:45 Conscription
35:05 Fortified Wall
36:25 Bodkin Arrow
38:09 Padded Archer Armor
39:20 Plate Mail Armor
41:11 Blast Furnace
44:39 Furor Celtica
44:22 Stronghold
FernecitoBranca
6:44 Loom
9:27 Feudal Age
11:09 Bloodlines
13:06 Double-Bit Axe
18:43 Horse Collar
21:57 Forging
24:56 Castle Age
23:54 Scale Barding Armor
27:25 Iron Casting
27:30 Husbandry
28:28 Gold Mining
34:52 Chain Barding Armor
35:41 Wheelbarrow
38:10 Heavy Plow
47:53 Imperial Age
Degel
0:43 Loom
11:34 Feudal Age
17:34 Castle Age
15:40 Horse Collar
16:23 Double-Bit Axe
18:28 Bow Saw
19:38 Town Watch
20:44 Wheelbarrow
26:26 Scale Barding Armor
31:15 Chain Barding Armor
31:24 Hand Cart
34:48 Imperial Age
33:31 Chain Barding Armor
33:21 Forging
33:26 Heavy Plow
35:27 Husbandry
36:06 Plate Barding Armor
35:53 Conscription
34:55 Elite Jarl
37:06 Iron Casting
36:33 Squires
36:18 Arson
37:02 Scale Mail Armor
36:48 Pikeman
37:26 Halberdier
39:07 Blast Furnace
38:42 Scale Mail Armor
40:07 Chain Mail Armor
40:30 Fletching
42:41 Coinage
42:22 Guilds
41:58 Capped Ram
44:14 Plate Mail Armor
43:06 Elite Varangian Guard
43:43 Siege Ram
44:36 Siege Engineers
45:32 Chemistry
44:46 Gothikon
45:33 Murder Holes
45:58 Ballistics
45:35 Bodkin Arrow
48:30 Crop Rotation
47:51 Gold Mining
49:02 Two-Man Saw
[XAAM]_Muffie_Cute
0:27 Loom
9:28 Feudal Age
17:13 Bloodlines
23:33 Castle Age
22:26 Scale Barding Armor
22:31 Forging
23:30 Forging
25:17 Chain Barding Armor
25:41 Double-Bit Axe
30:36 Gold Mining
34:00 Wheelbarrow
46:47 Iron Casting
MZTK | UVA
11:35 Feudal Age
16:14 Castle Age
14:01 Loom
14:11 Fletching
17:34 Wheelbarrow
22:04 Double-Bit Axe
22:23 Horse Collar
32:21 Imperial Age
29:37 Town Watch
29:45 Champi Runner
30:26 Squires
31:27 Forging
31:18 Scale Mail Armor
31:28 Champi Warrior
32:37 Elite Champi Warrior
33:33 Chain Mail Armor
33:54 Iron Casting
33:14 Gold Mining
34:21 Conscription
34:11 Herbalism
34:35 Bow Saw
34:28 Heavy Plow
35:45 Plate Mail Armor
38:52 Gold Shaft Mining
39:18 Two-Man Saw
38:48 Crop Rotation
40:49 Pikeman
41:36 Bodkin Arrow
43:24 Onager
44:24 Bracer
46:01 Capped Ram
Dragón-Malo
5:18 Loom
7:55 Loom
10:58 Feudal Age
14:33 Fletching
16:08 Double-Bit Axe
18:07 Wheelbarrow
17:44 Horse Collar
18:39 Padded Archer Armor
19:26 Gold Mining
23:54 Castle Age
23:47 Elite Skirmisher
24:44 Leather Archer Armor
25:10 Bodkin Arrow
33:30 Bow Saw
46:45 Town Watch
47:21 Hand Cart
47:08 Heavy Plow
Connection lost

Rejoining the realm…

Still unreachable

The connection could not be restored.

Session expired

The server has moved on; the page needs a fresh start.